 Dungeon Crawl Stone Soup version 0.31-a0-208-gdb31a4691d (webtiles) character file.

Game seed: 18229600902027734778

136 ptdevnull the Chopper (level 5, -2/72 HPs)
             Began as a Hill Orc Fighter on June 29, 2023.
             Succumbed to Duvessa's poison
             ... on level 4 of the Dungeon.
             The game lasted 00:03:45 (2258 turns).

ptdevnull the Chopper (Hill Orc Fighter)            Turns: 2258, Time: 00:03:45

Health: -2/72      AC: 22    Str: 19 (21) XL:     5   Next: 19%
Magic:  5/5        EV:  2    Int: 11 (12) God:
Gold:   125        SH:  3    Dex:  4 (5)  Spells: 4/4 levels left

rFire   . . .        a - +0 war axe
rCold   . . .        c - +0 buckler
rNeg    . . .        b - melded +0 scale mail
rPois   +            (helmet currently unavailable)
rElec   .            (cloak currently unavailable)
rCorr   .            (gloves currently unavailable)
SInv    +            (boots currently unavailable)
Will    .....        h - amulet of the acrobat
Stlth   +            t - ring "Kecs" {Fly Int+4 Dex-5 SInv}
HPRegen 0.32/turn    (no ring)
MPRegen 0.09/turn

%: acrobat
@: lethally poisoned (-2 -> -29), tree-form, hasted, very quick
A: stationary, stasis, torment immunity, boosted hp
a: no special abilities


You were on level 4 of the Dungeon.
You were a tree.
You visited 1 branch of the dungeon, and saw 4 of its levels.

You collected 125 gold pieces.

Inventory:

Hand Weapons
 a - a +0 war axe (weapon)
Armour
 b - a +0 scale mail (melded)
 c - a +0 buckler (worn)
 d - the -2 helmet "Ferobihi" {Str+2 Stlth+}
   (You took it off Robin on level 3 of the Dungeon)

   Str:       It affects your strength (+2).
   Stlth:     It makes you more stealthy.
Jewellery
 h - an amulet of the acrobat (around neck)
 t - the ring "Kecs" (left branch) {Fly Int+4 Dex-5 SInv}
   (You found it on level 4 of the Dungeon)

   [ring of flight]

   Int:       It affects your intelligence (+4).
   Dex:       It affects your dexterity (-5).
   SInv:      It lets you see invisible.
   Fly:       It grants you flight.
Scrolls
 e - a scroll of amnesia {unknown}
 f - 2 scrolls of fear {unknown}
 g - 2 scrolls of revelation {unknown}
 k - a scroll of torment {unknown}
 l - 5 scrolls of teleportation {unknown}
 o - a scroll of blinking {unknown}
Potions
 i - a potion of mutation {unknown}
 j - a potion of haste
 m - a potion of magic
 n - a potion of cancellation
 r - a potion of resistance {unknown}
 s - a potion of brilliance {unknown}


   Skills:
 + Level 5.0 Fighting
 * Level 5.8 Axes
 - Level 3.2 Armour
 - Level 3.2 Shields


You had 4 spell levels left.
You didn't know any spells.
Your spell library contained the following spells:

 Spells                   Type           Power      Damage    Failure   Level
 Tukima's Dance           Hex            0%         N/A       78%         3
 Passage of Golubria      Tloc           0%         N/A       99%         4
 Yara's Violent Unravell  Hex/Tmut       0%         3d3       100%        5


Dungeon Overview and Level Annotations

Branches:
Dungeon (4/15)
 Temple: D:4-7

Altars:
Gozag
Trog

Annotations:
D:4 Dowan, Duvessa


Message History

You barely miss Duvessa.
Duvessa is moderately wounded.
You feel very sick.
Duvessa hits you with a +2 short sword of venom.
You are more poisoned.
Dowan casts a spell.
Dowan blinks!
Duvessa hits you with a +2 short sword of venom.
You are lethally poisoned!
Dowan hits you but does no damage.
It was a potion of cancellation.
Your magical effects are unravelling.
You feel magically purged.
You are no longer glowing.
You feel extremely sick. You block Duvessa's attack.
Dowan hits you with a +0 dagger.
It was a potion of magic.
Magic courses through your body.
* * * LOW HITPOINT WARNING * * *
You feel very sick. Duvessa hits you but does no damage.
You are more poisoned.
Dowan gestures at you while chanting. You resist with some effort.
It was a potion of haste.
You feel yourself speed up.
* * * LOW HITPOINT WARNING * * *
You feel very sick.
Duvessa hits you with a +2 short sword of venom.
* * * LOW HITPOINT WARNING * * *
You are more poisoned.
Dowan closely misses you.
It was a potion of lignification.
You turn into a tree.
Your +0 scale mail melds into your body.
Your roots penetrate the ground.
* * * LOW HITPOINT WARNING * * *
You feel very sick.
Unknown command.
It was a potion of degeneration.
There was something very wrong with that liquid.
You feel weakened.
You feel dopey.
You feel clumsy.
You die...

### ### #.. ..# #.# #.#
#.# #.# #.####.#
######## #.#....#
#.....e# #.#...>#
###♣######......####
#.e.................
#....<.#######....#####
####.### ##...# #.
#...# #. #...# # ##+##
#.##...## ##.#.....##


You could see Duvessa and Dowan.

Vanquished Creatures
  Robin (D:3)
  4 adders
  2 worms
  5 endoplasms
  4 giant cockroaches
  11 hobgoblins
  7 quokkas
  10 ball pythons
  7 bats
  4 frilled lizards
  12 goblins
  5 kobolds
  7 rats
79 creatures vanquished.

Vanquished Creatures (others)
  A wizard (D:3)
1 creature vanquished.

Grand Total: 80 creatures vanquished

Notes
Turn   | Place    | Note
-------+----------+-------------------------------------------
     0 | D:1      | ptdevnull the Hill Orc Fighter began the quest for the Orb.
     0 | D:1      | Reached XP level 1. HP: 19/19 MP: 1/1
    64 | D:1      | Reached XP level 2. HP: 18/27 MP: 2/2
   226 | D:1      | Reached XP level 3. HP: 33/33 MP: 3/3
   919 | D:2      | Reached XP level 4. HP: 25/41 MP: 4/4
  1069 | D:2      | Reached skill level 5 in Axes
  1356 | D:3      | Found a faded altar of an unknown god.
  1639 | D:3      | Identified the -2 helmet "Ferobihi" {Str+2 Stlth+}
  1639 | D:3      | Noticed Robin
  1672 | D:3      | Killed Robin
  1673 | D:3      | Reached XP level 5. HP: 21/47 MP: 5/5
  1926 | D:3      | Found an opulent altar of Gozag.
  1970 | D:3      | Found a bloodstained altar of Trog.
  1971 | D:3      | Noticed a wizard
  1977 | D:3      | Killed a wizard
  2088 | D:4      | Reached skill level 5 in Fighting
  2105 | D:4      | Identified the ring "Kecs" {Fly Int+4 Dex-5 SInv}
  2245 | D:4      | Noticed Dowan
  2246 | D:4      | Noticed Duvessa
  2257 | D:4      | HP: 2/72 [poisoned by Duvessa]
  2258 | D:4      | Succumbed to Duvessa's poison

Illustrated notes

Levels and vault maps discovered:
D:1:      erik_arrival_blinker_ship, layout_rooms,
          corexii_item_surrounded_by_moat
D:2:      layout_basic
D:3:      layout_basic, marbit_many_paths, trog_wizard,
          nicolae_ecumenical_pavilion, kennysheep_minor_cross, uniq_robin
D:4:      layout_loops_corners, mainiacjoe_overflow_chevrons,
          lemuel_zombie_altar_kikubaaqudgha,
          minmay_temple_entry_statues_pillars, serial_bayou_crossing,
          uniq_duvessa, uniq_sigmund, uniq_ijyb

Skill      XL: |  1  2  3  4  5 |
---------------+----------------+-----
Axes           | 3 4 5 |  5.8
Fighting       | 4 5 |  5.0
Armour         | |  3.2
Shields        | |  3.2

Action                     |  1- 3 |  4- 6 || total
---------------------------+-------+-------++-------
  Melee: War axe           |    93 |    92 ||   185
    Use: Potion            |       |     6 ||     6
 Armour: Scale mail        |    36 |    28 ||    64
  Dodge: Dodged            |    58 |    47 ||   105
  Block: Buckler           |    15 |    16 ||    31

Table legend: (Time is in decaauts)
 A = Elapsed time spent in this place.
 B = Non-inter-level travel time spent in this place.
 C = Inter-level travel time spent in this place.
 D = Time resting spent in this place.
 E = Time spent auto-exploring this place.
 F = Levels seen in this place.
 G = Mean time per level.
                   A        B        C        D        E       F      G
               +--------+--------+--------+--------+--------+-----+--------+
         Total |   2315 |   2285 |     30 |      0 |   1847 |   4 |  578.8 |
       Dungeon |   2315 |   2285 |     30 |      0 |   1847 |   4 |  578.8 |
               +--------+--------+--------+--------+--------+-----+--------+

Top non-repeatable levels by time:
     D:2: 947 daAuts
     D:3: 750 daAuts
     D:1: 441 daAuts
     D:4: 175 daAuts
